 Dungeon Crawl Stone Soup version 0.32-a0-996-gb3226c233f (webtiles) character file.

Game seed: 2411555885213415082

11200 lilalause the Cleaver (level 11, -19/85 HPs)
             Began as a Coglin Monk on Apr 23, 2024.
             Was an Elder of the Shining One.
             Demolished by a boulder beetle (25 damage)
             ... on level 12 of the Dungeon.
             The game lasted 00:27:42 (10933 turns).

lilalause the Cleaver (Coglin Monk)                Turns: 10933, Time: 00:27:43

Health: -19/85     AC: 10    Str: 16    XL:     11   Next: 74%
Magic:  14/14      EV: 13    Int:  9    God:    the Shining One [****..]
Gold:   572        SH:  0    Dex: 17    Spells: 9/10 levels left

rFire   . . .        l - +1 war axe (freeze) {Hideko}
rCold   . . .        w - +4 spear "Teloeqim" {elec, rN+}
rNeg    + + +        U - +0 steam dragon scales
rPois   .            (no helmet)
rElec   .            (no cloak)
rCorr   .            M - +0 pair of gloves
SInv    .            q - +2 pair of boots
Will    .....        (amulet unavailable)
Stlth   +            (ring unavailable)
HPRegen 0.34/turn    (ring unavailable)
MPRegen 0.14/turn    (no gizmo)

%: no passive effects
@: glowing
A: off-hand wielding, slow wielding, warmup strikes, no jewellery
a: Invent Gizmo, Renounce Religion, Divine Shield, Cleansing Flame


You were on level 12 of the Dungeon.
You worshipped the Shining One.
The Shining One was greatly pleased with you.
You visited 2 branches of the dungeon, and saw 13 of its levels.

You collected 726 gold pieces.
You spent 154 gold pieces at shops.

Inventory:

Hand Weapons
 e - the +5 trident of Tender Mercy {protect, *Rage Str+4 Int+5}
   (You found it on level 12 of the Dungeon)

   Str+4:     It affects your strength (+4).
   Int+5:     It affects your intelligence (+5).
   *Rage:     It berserks you when you make melee attacks (+20% chance).
 l - a +1 war axe of freezing (weapon) {Hideko}
 w - the +4 spear "Teloeqim" (offhand) {elec, rN+}
   (You found it on level 3 of the Dungeon)

   rN+:       It protects you from negative energy.
 R - a +1 shortbow of freezing
 V - a +1 mace of holy wrath
Missiles
 p - 5 javelins
 u - 19 poisoned darts (quivered)
 A - 10 boomerangs
 W - a curare-tipped dart
Armour
 d - an orb of light
 q - a +2 pair of boots (worn)
 s - a +0 chain mail
 M - a +0 pair of gloves (worn)
 P - a +0 troll leather armour
 U - +0 steam dragon scales (worn)
 X - a +0 plate armour
Talismans
 O - a serpent talisman
Wands
 L - a wand of mindburst (9)
Scrolls
 a - a scroll of enchant armour
 b - a scroll of silence
 g - 2 scrolls of blinking
 i - 6 scrolls of teleportation
 j - 2 scrolls of vulnerability
 x - 7 scrolls of poison
 F - 2 scrolls of revelation
 G - a scroll of fog
Potions
 c - 2 potions of ambrosia
 f - 2 potions of berserk rage
 m - a potion of curing
 n - a potion of haste
 z - a potion of brilliance {unknown}
 D - 2 potions of heal wounds {unknown}
 H - 3 potions of mutation {unknown}
 J - a potion of lignification {unknown}
 Q - a potion of might {unknown}
 S - 2 potions of attraction {unknown}


   Skills:
 + Level 7.7 Fighting
 * Level 10.3 Axes
 - Level 6.0 Throwing
 + Level 6.2 Armour
 - Level 5.0 Dodging
 + Level 5.1 Invocations
 + Level 7.8 Evocations


You had 9 spell levels left.
You knew the following spells:

 Your Spells              Type           Power      Damage    Failure   Level
a - Apportation           Tloc           0%         N/A       38%         1

Your spell library contained the following spells:

 Spells                   Type           Power      Damage    Failure   Level
 Kiss of Death            Conj/Necr      0%         2d5       38%         1
 Call Imp                 Summ           0%         N/A       52%         2
 Jinxbite                 Hex            0%         N/A       52%         2
 Sublimation of Blood     Necr           0%         N/A       52%         2
 Confusing Touch          Hex            0%         N/A       77%         3
 Stone Arrow              Conj/Erth      0%         3d7       77%         3
 Animate Armour           Summ/Erth      0%         N/A       99%         4
 Dispel Undead            Necr           0%         3d6       99%         4
 Olgreb's Toxic Radiance  Alch           0%         N/A       99%         4
 Lee's Rapid Deconstruct  Erth           0%         3d4*      100%        5
 Yara's Violent Unravell  Hex/Alch       0%         3d3       100%        5
 Enfeeble                 Hex            0%         N/A       100%        7
 Magnavolt                Erth/Air       0%         3d9       100%        7
 Ozocubu's Refrigeration  Ice            0%         4d7       100%        7
 Seismic Cannonade        Alch/Erth      0%         6d4       100%        7
 Summon Hydra             Summ           0%         N/A       100%        7
 Discord                  Hex            0%         N/A       100%        8
 Lehudib's Crystal Spear  Conj/Erth      0%         10d2      100%        8


Dungeon Overview and Level Annotations

Branches:
Dungeon (12/15)            Temple (1/1) D:4            Lair (0/5) D:11
    Orc (0/2) D:9

Altars:
Ashenzari
Cheibriados
Dithmenos
Elyvilon
Fedhas
Gozag
Hepliaklqana
Kikubaaqudgha
Makhleb
Nemelex Xobeh
Okawaru
Qazlal
Ru
Sif Muna
Trog
Uskayaw
Vehumet
Wu Jian
Xom
Yredelemnul
Zin
The Shining One

Shops:
D:2 ?   D:11 =

Annotations:
D:3 1 runed translucent door, ongoing's ghost, amateur OpSh
D:9 3 runed translucent doors, lilalause's ghost, novice CoDe


Innate Abilities, Weirdness & Mutations

You can wield a second weapon in your off-hand.
It takes a long time for you to wield or remove held weapons.
Your first few attacks do less damage.
You cannot equip rings or amulets.


Message History

The boulder beetle curls into a ball and begins rolling!
The centaur shoots an arrow.
The arrow hits you but does no damage.
The centaur shoots an arrow.
The arrow closely misses you.
The centaur shoots an arrow.
The arrow hits you but does no damage.
The centaur shoots an arrow.
The arrow hits your centaur!
You feel your willpower return.
The centaur shoots an arrow.
The arrow hits your centaur!
Your centaur dies!
The centaur shoots an arrow.
The arrow hits you.
* * * LOW HITPOINT WARNING * * *
The centaur shoots an arrow.
The arrow barely misses you. The boulder beetle barely misses you.
The boulder beetle stops rolling and uncurls.
The centaur shoots an arrow.
The arrow barely misses you.
The boulder beetle attacks as it pursues you!
The boulder beetle bites you but does no damage.
Unknown command.
The centaur shoots an arrow.
The arrow hits you.
* * * LOW HITPOINT WARNING * * *
The centaur shoots an arrow.
The arrow hits you.
* * * LOW HITPOINT WARNING * * *
Unknown command.
The boulder beetle curls into a ball and begins rolling!
The centaur shoots an arrow.
The arrow hits you.
* * * LOW HITPOINT WARNING * * *
There is a stone staircase leading up here.
Unknown command.
Okay, then.
Aiming: Charm
Press: ? - help, Shift-Dir - straight line, f - centaur
Aim: a centaur, wielding a +0 shortbow (chance to affect: 67%)
The centaur is charmed.
Unknown command.
Aiming: Charm
Press: ? - help, Shift-Dir - straight line, f - boulder beetle, p - centaur
Aim: a boulder beetle (rolling, haloed, chance to affect: 50%)
The boulder beetle resists with some effort.
The now-empty wand crumbles to dust.
Your centaur shoots an arrow.
The arrow hits the boulder beetle.
The boulder beetle hits you!!
You die...

..............###.g)...c
..............#.gc#.....
..............##..#.....
.................##.....
#.........##.##......
##..#.....c..###.##..
####.g...#○####.##..
##....##)###..#...
#@B°°.....###.....
##........##......
#.#..#....#..#...
######.##....#..#
#####......# ##...###
#....# ##...# #...##


You could see a boulder beetle (rolling, ally target), a boggart and a friendly
centaur (charmed).

Vanquished Creatures
  A boulder beetle (D:11)
  2 two-headed ogres
  An ugly thing (D:12)
  A cyclops (D:10)
  An unseen horror (D:10)
  A komodo dragon (D:11)
  A yaktaur (D:12)
  Psyche (D:11)
  3 trolls
  A hornet (D:10)
  A slime creature (D:12)
  A wyvern (D:7)
  A vampire (D:12)
  4 wraiths
  Eustachio (D:6)
  6 yaks
  4 steam dragons
  A basilisk (D:11)
  A water moccasin (D:7)
  A black bear (D:6)
  2 orc warriors (D:10)
  3 ice beasts
  A sky beast (D:7)
  An ogre (D:6)
  7 centaurs
  A phantom (D:5)
  4 bullfrogs
  4 kobold brigands
  7 wights
  7 killer bees
  5 howler monkeys
  3 gnoll boudas
  4 jellies
  5 orc priests
  3 hounds
  An iron imp (D:7)
  An iguana (D:4)
  3 sleepcaps
  9 orc wizards
  17 gnolls
  10 adders
  2 ufetubi (D:5)
  A ribbon worm (D:2)
  A dart slug (D:2)
  39 orcs
  5 bats
  5 endoplasms
  5 giant cockroaches
  9 goblins
  2 hobgoblins
  2 jackals (D:1)
  3 quokkas
  6 ball pythons
  2 frilled lizards
  31 kobolds
  3 rats
248 creatures vanquished.

Vanquished Creatures (others)
  A centaur warrior (D:12)
  An unseen horror (D:11)
  3 centaurs (D:12)
5 creatures vanquished.

Grand Total: 253 creatures vanquished

Notes
Turn   | Place    | Note
-------+----------+-------------------------------------------
     0 | D:1      | lilalause the Coglin Monk began the quest for the Orb.
     0 | D:1      | Reached XP level 1. HP: 18/18 MP: 1/1
   195 | D:1      | Reached XP level 2. HP: 20/24 MP: 2/2
   581 | D:2      | Reached XP level 3. HP: 28/29 MP: 3/3
   585 | D:2      | Reached skill level 1 in Armour
   743 | D:2      | Reached XP level 4. HP: 35/35 MP: 4/4
  1101 | D:2      | Found Poimoigi's Magic Scroll Boutique.
  1108 | D:2      | Bought a scroll of identify for 28 gold pieces
  1108 | D:2      | Bought a scroll of noise for 14 gold pieces
  1495 | D:3      | Found a runed translucent door.
  1495 | D:3      | Noticed ongoing's ghost (amateur OpSh)
  1546 | D:3      | Reached skill level 4 in Axes
  1569 | D:3      | Identified the +4 spear "Teloeqim" {elec, rN+}
  1619 | D:3      | Reached XP level 5. HP: 38/41 MP: 5/5
  2001 | D:4      | Reached skill level 1 in Throwing
  2016 | D:4      | Reached XP level 6. HP: 41/48 MP: 6/6
  2087 | D:4      | Found a bloodstained altar of Trog.
  2198 | D:4      | Found a basalt altar of Yredelemnul.
  2204 | D:4      | Found a staircase to the Ecumenical Temple.
  2214 | Temple   | Entered the Ecumenical Temple
  2219 | Temple   | Became a worshipper of the Shining One
  2219 | Temple   | Reached * piety under the Shining One
  2219 | Temple   | Reached ** piety under the Shining One
  2783 | D:2      | Bought a scroll of vulnerability for 56 gold pieces
  2783 | D:2      | Bought a scroll of poison for 56 gold pieces
  2863 | D:5      | Entered Level 5 of the Dungeon
  2875 | D:5      | Noticed an ice beast
  2885 | D:5      | Killed an ice beast
  2886 | D:5      | Reached skill level 5 in Axes
  2979 | D:5      | Reached XP level 7. HP: 44/54 MP: 7/7
  3058 | D:5      | Reached skill level 1 in Invocations
  3991 | D:6      | Reached skill level 1 in Evocations
  4137 | D:6      | Reached XP level 8. HP: 61/61 MP: 9/9
  4345 | D:6      | Noticed Eustachio
  4348 | D:6      | Killed Eustachio
  4349 | D:6      | Reached skill level 6 in Axes
  4443 | D:6      | Reached skill level 5 in Fighting
  5108 | D:7      | Reached XP level 9. HP: 64/68 MP: 10/10
  5162 | D:7      | Found a radiant altar of Vehumet.
  5163 | D:7      | Found an ancient bone altar of Kikubaaqudgha.
  5165 | D:7      | Found a shimmering blue altar of Sif Muna.
  5172 | D:7      | Got Sif Muna's Anthology of Nonlocality
  5177 | D:7      | Learned a level 1 spell: Apportation
  5260 | D:7      | Found a sacrificial altar of Ru.
  5395 | D:7      | Reached skill level 7 in Axes
  5581 | D:7      | Found a snail-covered altar of Cheibriados.
  5736 | D:7      | Found an iron altar of Okawaru.
  5843 | D:7      | Found a burning altar of Makhleb.
  6046 | D:7      | Reached skill level 5 in Dodging
  6271 | D:8      | Reached *** piety under the Shining One
  6668 | D:8      | Found a shadowy altar of Dithmenos.
  7276 | D:9      | Reached skill level 5 in Evocations
  7318 | D:9      | Reached XP level 10. HP: 67/76 MP: 12/12
  7386 | D:9      | Reached skill level 8 in Axes
  7684 | D:9      | Found a runed translucent gate.
  7684 | D:9      | Found a runed translucent gate.
  7684 | D:9      | Noticed a ten-headed hydra
  7685 | D:9      | Noticed lilalause's ghost (novice CoDe)
  7694 | D:9      | Found a runed translucent gate.
  7755 | D:9      | Found a blossoming altar of Fedhas.
  7865 | D:9      | Found a staircase to the Orcish Mines.
  8168 | D:10     | Entered Level 10 of the Dungeon
  8236 | D:10     | Found a white marble altar of Elyvilon.
  8317 | D:10     | Reached skill level 5 in Armour
  8360 | D:10     | Found an opulent altar of Gozag.
  8615 | D:10     | Reached skill level 5 in Throwing
  8658 | D:10     | Found a hide-covered altar of Uskayaw.
  8799 | D:10     | Noticed a two-headed ogre
  8830 | D:9      | Killed a two-headed ogre
  8831 | D:9      | Reached skill level 9 in Axes
  9107 | D:9      | Reached XP level 11. HP: 26/84 MP: 14/14
  9384 | D:10     | Noticed a cyclops
  9400 | D:10     | Killed a cyclops
  9913 | D:11     | Noticed a two-headed ogre
  9927 | D:11     | Killed a two-headed ogre
  9997 | D:11     | Noticed Psyche
  9999 | D:11     | Noticed a boulder beetle
 10015 | D:11     | Killed Psyche
 10328 | D:11     | Found Hitiacua's Jewellery Boutique.
 10425 | D:11     | Reached **** piety under the Shining One
 10465 | D:11     | Found a staircase to the Lair.
 10569 | D:11     | Killed a boulder beetle
 10570 | D:11     | Reached skill level 10 in Axes
 10570 | D:11     | Reached skill level 5 in Invocations
 10662 | D:12     | Noticed a two-headed ogre
 10662 | D:12     | Noticed a centaur warrior
 10697 | D:12     | Noticed a boulder beetle
 10740 | D:12     | Identified the +5 trident of Tender Mercy {protect, *Rage
                  | Str+4 Int+5}
 10800 | D:12     | Noticed a purple ugly thing
 10811 | D:12     | Killed a purple ugly thing
 10888 | D:12     | Noticed a deep elf pyromancer
 10933 | D:12     | Demolished by a boulder beetle

Illustrated notes

Levels and vault maps discovered:
D:1:      minmay_arrival_open_corners, layout_basic
D:2:      layout_basic, serial_shops, shop
D:3:      layout_rooms, hellmonk_ghost_happy_afterlife
D:4:      layout_loops_ring, lemuel_tele_altar, lemuel_crystal_altar,
          minmay_temple_entry_butterflies
D:5:      layout_basic, chequers_big_river
D:6:      layout_basic, hangedman_decor_slide_cut, uniq_eustachio
D:7:      hellmonk_ruined_rings, layout_basic,
          grunt_temple_overflow_magic_moments, mainiacjoe_overflow_catwalk,
          okawaru_altar_gauntlet_db, nicolae_overflow_hidden_temple,
          demons_altar
D:8:      layout_loops_corners, old_standard_altar
D:9:      layout_small_grid, fedhas_ov_isle_minmay, orc_0_dummy,
          gammafunk_ghost_hydra_chop
D:10:     minmay_recursive_quarters, layout_basic, grunt_gozag_breadcrumbs,
          amcnicky_altar_gilded, old_standard_altar
D:11:     layout_basic, david_lair_shrubbed, serial_shops,
          nicolae_stop_n_shop_2, nrook_mini_vaults, uniq_psyche
D:12:     kennysheep_blocky_room, layout_cave_pools, serial_column_ruins,
          column_ruins_grid_3, column_ruins_open_medium, column_ruins_open_tiny,
          column_ruins_columns_T, column_ruins_corridor_corner,
          minmay_the_grid_square_5x5_3x3_mashed
          [minmay_the_grid_square_5x5_plus, minmay_the_grid_square_5x5_seven,
          minmay_the_grid_square_5x5_intrusive_squares,
          minmay_the_grid_square_5x5_three_walls,
          minmay_the_grid_square_5x5_megaprize_checkered,
          minmay_the_grid_square_5x5_longway, minmay_the_grid_square_5x5_fat_x,
          minmay_the_grid_square_5x5_eight_small,
          minmay_the_grid_square_5x5_six_small]
Temple:   hellmonk_temple_micro_hex

Skill      XL: |  1  2  3  4  5  6  7  8  9 10 11 |
---------------+----------------------------------+-----
Armour         | 1 2 3 4 5 6 |  6.2
Dodging        | 3 4 5 |  5.0
Axes           | 4 5 6 7 9 10 | 10.3
Throwing       | 1 2 3 4 5 6 |  6.0
Fighting       | 4 5 6 7 |  7.7
Invocations    | 1 2 3 4 5 |  5.1
Evocations     | 1 3 5 6 7 |  7.8

Action                     |  1- 3 |  4- 6 |  7- 9 | 10-12 || total
---------------------------+-------+-------+-------+-------++-------
  Melee: Hand axe          |    59 |    63 |       |       ||   122
         Mace              |    25 |    33 |       |       ||    58
         Whip              |     2 |       |       |       ||     2
         Spear             |       |    75 |   207 |   216 ||   498
         War axe           |       |    25 |   146 |   162 ||   333
  Throw: Boomerang         |       |     3 |     6 |     4 ||    13
         Dart              |       |       |     1 |    20 ||    21
         Javelin           |       |       |       |     5 ||     5
  Evoke: Wand              |       |       |     3 |    10 ||    13
    Use: Scroll            |       |     5 |     6 |     5 ||    16
         Potion            |       |       |       |     2 ||     2
   Stab: Sleeping          |     1 |     1 |       |       ||     2
 Armour: Robe              |    28 |       |       |       ||    28
         Leather armour    |    19 |    47 |    80 |       ||   146
         Ring mail         |       |       |    24 |     9 ||    33
         Steam dragon scal |       |       |       |   141 ||   141
  Dodge: Dodged            |    38 |    55 |    98 |   141 ||   332

Table legend: (Time is in decaauts)
 A = Elapsed time spent in this place.
 B = Non-inter-level travel time spent in this place.
 C = Inter-level travel time spent in this place.
 D = Time resting spent in this place.
 E = Time spent auto-exploring this place.
 F = Levels seen in this place.
 G = Mean time per level.
                   A        B        C        D        E       F      G
               +--------+--------+--------+--------+--------+-----+--------+
         Total |  10987 |  10358 |    629 |    893 |   7290 |  13 |  845.2 |
       Dungeon |  10976 |  10355 |    621 |    893 |   7290 |  12 |  914.7 |
        Temple |     10 |      2 |      8 |      0 |      0 |   1 |   10.0 |
               +--------+--------+--------+--------+--------+-----+--------+

Top non-repeatable levels by time:
     D:9: 1374 daAuts
     D:5: 1301 daAuts
     D:7: 1187 daAuts
    D:10: 1089 daAuts
     D:8: 1004 daAuts
    D:11: 989 daAuts
     D:2: 975 daAuts
     D:6: 938 daAuts
     D:4: 737 daAuts
     D:3: 607 daAuts
     D:1: 560 daAuts
    D:12: 211 daAuts
  Temple: 10 daAuts
